 Dungeon Crawl Stone Soup version 0.22-a0-407-gb098539 (webtiles) character file.

47 galech the Covered (level 3, -6/31 HPs)
             Began as a Gnoll Wanderer on May 9, 2018.
             Mangled by Sigmund
             ... wielding a +0 scythe
              (8 damage)
             ... on level 2 of the Dungeon.
             The game lasted 00:01:49 (1224 turns).

galech the Covered (Gnoll Wanderer)                 Turns: 1224, Time: 00:01:50

Health: -6/31      AC:  6    Str: 14    XL:     3   Next: 70%
Magic:  4/4        EV: 10    Int: 12    God:
Gold:   130        SH:  0    Dex: 17    Spells: 3/3 levels left

rFire    . . .     SeeInvis .   a - +2 dagger
rCold    . . .     Gourm    .   (no shield)
rNeg     . . .     Faith    .   j - +0 ring mail {rPois}
rPois    +         Spirit   .   (no helmet)
rElec    .         Reflect  .   (no cloak)
rCorr    .         Harm     .   (no gloves)
MR       .....                  (no boots)
Stlth    ++........             (no amulet)
HPRegen  0.10/turn              (no ring)
MPRegen  0.09/turn              (no ring)

@: about to teleport
A: distributed training, fangs 1, strong nose
a: no special abilities


You were on level 2 of the Dungeon.
You were not hungry.

You visited 1 branch of the dungeon, and saw 2 of its levels.

You collected 130 gold pieces.

Inventory:

Hand Weapons
 a - a +2 dagger (weapon)
 o - a +0 hunting sling
Missiles
 n - 39 sling bullets
Armour
 c - a +0 ring mail
 j - a +0 ring mail of poison resistance (worn)
Scrolls
 d - a scroll of teleportation
 h - a scroll of immolation {unknown}
 k - a scroll of amnesia {unknown}
 m - a scroll of remove curse {unknown}
 p - 2 scrolls of identify {unknown}
 q - a scroll of magic mapping {unknown}
 r - 2 scrolls of enchant armour {unknown}
 u - a scroll of fog {unknown}
Potions
 b - a potion of berserk rage
 e - a potion of curing {unknown}
 i - a potion of degeneration {unknown}
 l - 3 potions of flight {unknown}
 s - a potion of lignification {unknown}
 t - a potion of resistance {unknown}
Comestibles
 f - 2 rations
 g - 3 chunks of flesh


   Skills:
 + Level 4.5 Fighting
 + Level 0.9 Short Blades
 + Level 0.9 Long Blades
 + Level 0.9 Axes
 + Level 0.9 Maces & Flails
 + Level 0.9 Polearms
 + Level 0.9 Staves
 + Level 0.9 Slings
 + Level 2.6 Bows
 + Level 4.5 Crossbows
 + Level 0.9 Throwing
 + Level 6.5 Armour
 + Level 0.9 Dodging
 + Level 4.2 Stealth
 + Level 0.9 Shields
 + Level 0.9 Unarmed Combat
 + Level 0.9 Spellcasting
 + Level 0.6 Conjurations
 + Level 0.6 Hexes
 + Level 0.6 Charms
 + Level 0.6 Summonings
 + Level 0.6 Necromancy
 + Level 0.6 Translocations
 + Level 0.6 Transmutations
 + Level 0.6 Fire Magic
 + Level 0.6 Ice Magic
 + Level 0.6 Air Magic
 + Level 0.6 Earth Magic
 + Level 0.6 Poison Magic
 + Level 1.0 Invocations
 + Level 0.9 Evocations


You had 3 spell levels left.
You didn't know any spells.

Dungeon Overview and Level Annotations

Branches:
Dungeon (2/15)

Altars:
Vehumet

Annotations:
D:2 Sigmund


Innate Abilities, Weirdness & Mutations

Your experience applies equally to all skills.
You have very sharp teeth.
Your uncanny sense of smell can sniff out nearby items.


Message History

You are too injured to fight recklessly!
You are too injured to fight recklessly!
You closely miss the kobold. You bite the kobold, but do no damage.
The kobold is severely wounded.
The kobold closely misses you.
Sigmund hits you from afar with a scythe.
* * * LOW HITPOINT WARNING * * *
You completely miss the kobold.
The kobold is severely wounded.
The kobold barely misses you.
Sigmund gestures wildly while chanting.
Sigmund flickers and vanishes!
Deactivating autopickup; reactivate with Ctrl-A.
You hear some strange, mumbled words.
A puff of flame appears from out of thin air!
The puff of flame hits you!
* * * LOW HITPOINT WARNING * * *
As you read the scroll of teleportation, it crumbles to dust.
You feel strangely unstable. Something hits you!
You die...

##.#### #.# ##...##
... ##.## #.### .#
##...## #.#
#.####.....# #.#
..........########.#
#..............#
#.{#.###.#######
#...K# #.# #.##@#
#.# #. #.# #.# #.
#.# #.# # ...∆..#
#.# ### ... ... #.#


You could see a kobold.

Vanquished Creatures
  An adder (D:2)
  An ooze (D:2)
  A dart slug (D:2)
  A leopard gecko (D:2)
  A ball python (D:2)
  3 bats
  A giant cockroach (D:1)
  4 hobgoblins
  2 jackals (D:2)
  6 kobolds
  4 goblins
  3 rats (D:1)
28 creatures vanquished.

Notes
Turn   | Place    | Note
-------+----------+-------------------------------------------
     0 | D:1      | galech the Gnoll Wanderer began the quest for the Orb.
     0 | D:1      | galech set off with: a +2 dagger, a potion of berserk rage, a +0 ring mail, a scroll of teleportation, a ration
     0 | D:1      | Reached XP level 1. HP: 20/20 MP: 1/1
   197 | D:1      | Reached XP level 2. HP: 26/26 MP: 2/2
   781 | D:2      | Reached XP level 3. HP: 31/31 MP: 3/3
   822 | D:2      | Reached skill level 1 in Invocations
   890 | D:2      | Found a radiant altar of Vehumet.
  1213 | D:2      | Noticed Sigmund
  1224 | D:2      | Mangled by Sigmund

Vault maps used:
D:1:      shiori_arrival_maze
D:2:      lemuel_round_altar, guppyfry_early_lair_pool, uniq_sigmund

Skill      XL: |  1  2  3 |
---------------+----------+-----
Invocations    | 1 |  1.0
Fighting       | |  4.5
Short Blades   | |  0.9
Long Blades    | |  0.9
Axes           | |  0.9
Maces & Flails | |  0.9
Polearms       | |  0.9
Staves         | |  0.9
Slings         | |  0.9
Bows           | |  2.6
Crossbows      | |  4.5
Throwing       | |  0.9
Armour         | |  6.5
Dodging        | |  0.9
Stealth        | |  4.2
Shields        | |  0.9
Unarmed Combat | |  0.9
Spellcasting   | |  0.9
Conjurations   | |  0.6
Hexes          | |  0.6
Charms         | |  0.6
Summonings     | |  0.6
Necromancy     | |  0.6
Translocations | |  0.6
Transmutations | |  0.6
Fire Magic     | |  0.6
Ice Magic      | |  0.6
Air Magic      | |  0.6
Earth Magic    | |  0.6
Poison Magic   | |  0.6
Evocations     | |  0.9

Action                   || total
-------------------------++-------
Melee: Dagger            ||    84
       Bite              ||    11
  Use: Scroll            ||     1
 Stab: Sleeping          ||    10
  Eat: Chunk             ||     1
Armor: Ring mail         ||    15
Dodge: Dodged            ||    36

Table legend:
 A = Spawn XP
 B = Non-spawn XP
 C = Spawn XP percentage of total XP
 D = Spawn monster count
 E = Non-spawn monster count
 F = Spawn count percentage of total count
 G = Total turns spent on level
                    A         B        C        D         E        F      G
               +---------+---------+-------+---------+---------+-------+---------
         Total |       0 |      68 |   0.0 |       0 |      28 |   0.0 |  1224
               +---------+---------+-------+---------+---------+-------+---------
           D:1 |       0 |      23 |   0.0 |       0 |      14 |   0.0 |   686
           D:2 |       0 |      45 |   0.0 |       0 |      14 |   0.0 |   538
               +---------+---------+-------+---------+---------+-------+---------
